 Dungeon Crawl Stone Soup version 0.28.0-45-g0d030f2227 (webtiles) character file.

Game seed: 8718057401421978920

16575 CryoSword the Grappler (level 12, -1/123 HPs)
             Began as a Troll Fighter on Apr 4, 2022.
             Was a Priest of Kikubaaqudgha.
             Slain by Urug
             ... wielding a +0 demon trident of flaming
              (26 damage)
             ... on level 10 of the Dungeon.
             The game lasted 00:25:50 (9234 turns).

CryoSword the Grappler (Troll Fighter)              Turns: 9234, Time: 00:25:51

Health: -1/123     AC:  8    Str: 27    XL:     12   Next: 11%
Magic:  4/14       EV: 13    Int:  8    God:    Kikubaaqudgha [***...]
Gold:   784        SH:  8    Dex:  9    Spells: 3/15 levels left

rFire   . . .      SeeInvis .     - Unarmed
rCold   . . .      Faith    .   b - +0 kite shield
rNeg    . . .      Spirit   .   s - +0 troll leather armour {Pargi}
rPois   .          Reflect  .   S - +2 hat {Will+}
rElec   .          Harm     .   K - scarf {repulsion}
rCorr   .          Rampage  .   (gloves unavailable)
Will    +....                   (boots unavailable)
Stlth   +.........              P - amulet of the acrobat
HPRegen 1.90/turn               q - ring of wizardry
MPRegen 0.14/turn               y - +4 ring of evasion {=R}

@: repel missiles
A: large, unfitting armour, claws 3, regeneration 1, shaggy fur 1, tough skin 1
a: Renounce Religion, Receive Corpses


You were on level 10 of the Dungeon.
You worshipped Kikubaaqudgha.
Kikubaaqudgha was most pleased with you.
You visited 2 branches of the dungeon, and saw 12 of its levels.
You also visited: Sewer and Bailey.

You collected 876 gold pieces.
You spent 92 gold pieces at shops.

Inventory:

Hand Weapons
 T - a +0 whip of draining
   (You took it off a kobold on level 11 of the Dungeon)
Missiles
 c - 4 atropa-tipped darts
 k - 43 poisoned darts
 B - 22 boomerangs
 E - 3 curare-tipped darts
 O - a boomerang of dispersal {!f}
Armour
 b - a +0 kite shield (worn)
 m - a +0 tower shield
   (You found it on level 2 of the Dungeon)
 s - a +0 troll leather armour (worn) {Pargi}
   (You found it on level 3 of the Dungeon)
 K - a scarf of repulsion (worn)
   (You found it on level 7 of the Dungeon)
 N - a +1 cloak
   (You found it on level 8 of the Dungeon)
 S - a +2 hat of willpower (worn)
   (You took it off Gastronok on level 10 of the Dungeon)
Jewellery
 q - a ring of wizardry (left claw)
   (You found it on level 2 of the Dungeon)
 t - a ring of see invisible
   (You took it off an orc on level 4 of the Dungeon)
 y - a +4 ring of evasion (right claw) {=R}
   (You found it on level 5 of the Dungeon)
 A - a +6 ring of dexterity
   (You found it on level 5 of the Dungeon)
 J - a ring of protection from cold
   (You found it in a bailey)
 M - a ring of ice
   (You found it on level 7 of the Dungeon)
 P - an amulet of the acrobat (around neck)
   (You found it on level 9 of the Dungeon)
Wands
 r - a wand of acid (3) (quivered)
   (You took it off Ijyb on level 3 of the Dungeon)
 z - a wand of iceblast (39)
   (You found it on level 5 of the Dungeon)
Scrolls
 e - 3 scrolls of magic mapping {unknown}
 f - 2 scrolls of amnesia {unknown}
 h - 2 scrolls of enchant weapon {unknown}
 l - a scroll of silence {unknown}
 n - 3 scrolls of fog
 o - 6 scrolls of teleportation {@r4}
 u - a scroll of immolation {unknown}
 w - 5 scrolls of blinking
 C - a scroll of enchant armour {unknown}
 G - 3 scrolls of noise {unknown}
 L - 2 scrolls of brand weapon {unknown}
 Q - a scroll of holy word {unknown}
 R - a scroll of fear {unknown}
Potions
 a - 2 potions of ambrosia
 d - 4 potions of brilliance {unknown}
 g - 3 potions of lignification {!q}
 i - 4 potions of attraction {unknown}
 j - 4 potions of mutation {!q}
 p - 5 potions of flight {unknown}
 v - 4 potions of degeneration {unknown}
 x - 2 potions of resistance
 D - 2 potions of haste {unknown}
 F - 4 potions of curing {unknown}


   Skills:
 * Level 9.3 Fighting
 - Level 5.0 Dodging
 - Level 5.0 Shields
 * Level 11.0 Unarmed Combat
 - Level 2.0 Spellcasting
 + Level 9.2 Necromancy


You had 3 spell levels left.
You knew the following spells:

 Your Spells              Type           Power      Damage    Failure   Level
a - Pain                  Necr           60%        1d7       1%          1
b - Sublimation of Blood  Necr           15%        N/A       1%          2
c - Dispel Undead         Necr           15%        3d10      9%          4
z - Animate Skeleton      Necr           30%        N/A       1%          1
Z - Animate Dead          Necr           7%         N/A       9%          4

Your spell library contained the following spells:

 Spells                   Type           Power      Damage    Failure   Level
 Freeze                   Ice            0%         1d3       32%         1
 Magic Dart               Conj           0%         1d3       32%         1
 Summon Small Mammal      Summ           0%         N/A       32%         1
 Call Imp                 Summ           0%         N/A       45%         2
 Ensorcelled Hibernation  Hex/Ice        0%         N/A       45%         2
 Passwall                 Tmut/Erth      0%         N/A       45%         2
 Call Canine Familiar     Summ           0%         N/A       69%         3
 Frozen Ramparts          Ice            0%         1d2       69%         3
 Gell's Gravitas          Tloc           0%         N/A       69%         3
 Lesser Beckoning         Tloc           0%         N/A       69%         3
 Mephitic Cloud           Conj/Pois/Air  0%         N/A       69%         3
 Portal Projectile        Hex/Tloc       0%         N/A       69%         3
 Summon Guardian Golem    Hex/Summ       0%         N/A       69%         3
 Swiftness                Air            0%         N/A       69%         3
 Teleport Other           Tloc           0%         N/A       69%         3
 Agony                    Necr           15%        N/A       22%         5
 Death Channel            Necr           7%         N/A       75%         6
 Borgnjor's Vile Clutch   Necr/Erth      4%         N/A       80%         5
 Hailstorm                Conj/Ice       0%         3d3       96%         4
 Leda's Liquefaction      Hex/Erth       0%         N/A       96%         4
 Lee's Rapid Deconstruct  Erth           0%         3d5*      100%        5
 Simulacrum               Ice/Necr       4%         N/A       100%        6
 Statue Form              Tmut/Erth      0%         N/A       100%        6


Dungeon Overview and Level Annotations

Branches:
Dungeon (11/15)            Temple (1/1) D:6            Lair (0/6) D:10
  Sewer (visited)          Bailey (visited)
    Orc: D:9-12

Altars:
Ashenzari
Cheibriados
Elyvilon
Fedhas
Hepliaklqana
Kikubaaqudgha
Makhleb
Nemelex Xobeh
Okawaru
Ru
Sif Muna
Trog
Uskayaw
Vehumet
Wu Jian
Yredelemnul
The Shining One

Shops:
D:7 *   D:10 ([[

Portals:
Trove: D:10 (give horn of Geryon)

Annotations:
D:4 3 runed translucent doors, Tali's ghost, amateur DsBe; dangdung's ghost, amateur OpTm; doomsgape's ghost, amateur GrEE
D:5 2 transporters, dangdung's ghost, amateur OpTm
D:10 Urug


Innate Abilities, Weirdness & Mutations

You are too large for most types of armour.
You have claws for hands.
Your natural rate of healing is unusually fast.
You are covered in fur. (AC +1)
You have tough skin. (AC +1)


Message History

The freezing wraith freezes you!
The freezing wraith hits you but does no damage.
You scratch the freezing wraith.
You completely miss the freezing wraith.
The freezing wraith barely misses you. The freezing wraith hits you!
You claw the freezing wraith! The freezing wraith hits you!
* * * LOW HITPOINT WARNING * * *
The freezing wraith freezes you!
* * * LOW HITPOINT WARNING * * *
The freezing wraith closely misses you. You block the freezing wraith's attack.
The freezing wraith barely misses you.
You mangle the freezing wraith!!
You destroy the freezing wraith!
Kikubaaqudgha accepts your kill.
Your Unarmed Combat skill increases to level 11!
The orc warrior shouts!
The orc wizard shouts!
The orc shouts!
The orc wizard shouts!
The orc shouts!
There is a stone staircase leading down, spattered with blood here.
You climb downwards.
Level annotation: exclusion: 8 doors, Urug
There is a stone staircase leading up, spattered with blood here.
Things that are here:
a +0 plate armour; a +3 morningstar
Found 28 arrows.
There is an open door here.
Found a portal to a secret trove of treasure.
Done exploring.
Done exploring.
There is an open door here.
The floor.
There is an open door here.
Urug shouts!
Okay, then.
Kikubaaqudgha delivers you corpses!
Urug throws a javelin.
The javelin misses you.
You call on the dead to rise...
The dead are walking!
Urug hits you from afar with a +0 demon trident of flaming!!
Urug burns you!
Urug throws a javelin.
The javelin pierces through your orc wizard zombie!
Your orc wizard zombie is destroyed!
The javelin completely misses you. You block Urug's attack.
You closely miss Urug.
Your kobold zombie barely misses Urug.
Urug misses you.
You scratch Urug but do no damage.
Your kobold zombie hits Urug but does no damage.
Urug barely misses you.
You closely miss Urug.
Urug hits you with a +0 demon trident of flaming!
Urug burns you.
You barely miss Urug.
Your kobold zombie barely misses Urug.
You scratch Urug.
Urug hits you with a +0 demon trident of flaming!!
Urug burns you!
* * * LOW HITPOINT WARNING * * *
Your kobold zombie barely misses Urug.
You claw Urug! You block Urug's attack.
Your kobold zombie hits Urug but does no damage.
You barely miss Urug.
Urug hits you with a +0 demon trident of flaming!
* * * LOW HITPOINT WARNING * * *
Urug burns you.
* * * LOW HITPOINT WARNING * * *
You completely miss Urug.
Urug hits you with a +0 demon trident of flaming!!
* * * LOW HITPOINT WARNING * * *
Urug burns you.
* * * LOW HITPOINT WARNING * * *
Your kobold zombie closely misses Urug.
Urug hits you from afar with a +0 demon trident of flaming!!
* * * LOW HITPOINT WARNING * * *
Urug burns you.
* * * LOW HITPOINT WARNING * * *
Your kobold zombie hits Urug but does no damage.
Urug throws a javelin.
The javelin completely misses you.
Your kobold zombie misses Urug.
Your kobold zombie barely misses Urug.
Urug roars.
Urug throws a javelin.
The javelin misses you.
Your kobold zombie closely misses Urug.
Urug throws a javelin.
The javelin completely misses you.
Urug throws a javelin.
The javelin completely misses you.
Urug throws a javelin.
The javelin completely misses you.
Urug throws a javelin.
The javelin closely misses you.
There is an open door here.
You close the door.
There is a stone staircase leading down, spattered with blood here.
You start resting.
Urug is nearby!
Urug hits you from afar with a +0 demon trident of flaming!
Urug burns you!
Okay, then.
Kikubaaqudgha delivers you corpses!
Urug hits you from afar with a +0 demon trident of flaming.
Urug burns you.
You miscast Animate Dead.
You are very lightly contaminated with residual magic.
Nothing appears to happen.
Urug mutters, "Sometimes I wonder if they all really are harpies."
You block Urug's attack.
Unknown command.
You call on the dead to rise...
The dead are walking and flying!
Urug hits you from afar with a +0 demon trident of flaming.
Urug burns you.
You swap places.
You block Urug's attack.
You mangle Urug!!
Urug hits you with a +0 demon trident of flaming!
Urug burns you.
Your centaur warrior zombie hits Urug!
Your centaur warrior zombie kicks Urug but does no damage.
You closely miss Urug.
Your centaur warrior zombie misses Urug.
Your centaur warrior zombie kicks Urug but does no damage.
Urug hits you with a +0 demon trident of flaming!!
* * * LOW HITPOINT WARNING * * *
Urug burns you.
* * * LOW HITPOINT WARNING * * *
You scratch Urug.
Your centaur warrior zombie barely misses Urug.
Your centaur warrior zombie kicks Urug but does no damage.
Urug hits you with a +0 demon trident of flaming!
* * * LOW HITPOINT WARNING * * *
Urug burns you.
* * * LOW HITPOINT WARNING * * *
You scratch Urug.
Your centaur warrior zombie barely misses Urug.
Your centaur warrior zombie kicks Urug but does no damage.
Urug stares with her one eyeball.
Urug hits you with a +0 demon trident of flaming!!
* * * LOW HITPOINT WARNING * * *
Urug burns you!
* * * LOW HITPOINT WARNING * * *
You feel much better.
Your centaur warrior zombie closely misses Urug.
Your centaur warrior zombie kicks Urug.
Urug barely misses you.
Your centaur warrior zombie barely misses Urug.
Your centaur warrior zombie kicks Urug but does no damage.
Your magical contamination has completely faded away.
You completely miss Urug.
Your centaur warrior zombie misses Urug.
Your centaur warrior zombie closely misses Urug.
Urug hits you with a +0 demon trident of flaming!!
* * * LOW HITPOINT WARNING * * *
Urug burns you.
* * * LOW HITPOINT WARNING * * *
You feel much better.
Your centaur warrior zombie hits Urug.
Your centaur warrior zombie kicks Urug but does no damage.
Urug hits you with a +0 demon trident of flaming!!
You die...
Kikubaaqudgha rasps: "You have failed me!
Welcome... death!"

#... #############...
#############...o..p........
#..).o.........######..##...
#..########.....#####.###...
#...##########..............
#.#....#...####.).[.#######.
#....#....ZZ######### ##
#...#.#..#Z@.†....#
#..#...#[.o######.#
#.#..∩..#.....# #.#######
#..#...#......# ###.....#
##..#.#.......# #.#.+++.####
#...#........###.'.+∩+.##..
#####............#.'''.##..
##........#..#.....##..
#.........#.#######.##


You could see Urug (ally target), a friendly manticore zombie, a friendly giant
cockroach zombie and a friendly centaur warrior zombie.

Vanquished Creatures
  Gastronok (D:10)
  An orc warlord (Bailey)
  A death knight (D:10)
  A two-headed ogre (D:10)
  Sonja (D:10)
  A skeletal warrior (D:10)
  A phantasmal warrior (D:10)
  A gargoyle (D:11)
  A freezing wraith (D:9)
  3 komodo dragons
  3 wraiths
  6 yaks
  Sigmund (D:2)
  3 basilisks
  Grum (D:10)
  A vampire mosquito (D:10)
  3 acid dragons
  2 water moccasins
  Pargi (D:3)
  A black bear (D:7)
  A hornet zombie (D:8)
  An ice beast (D:7)
  6 orc warriors
  4 centaurs
  An ogre (D:5)
  2 wolves (D:10)
  A phantom (D:5)
  5 kobold brigands
  3 bullfrogs
  A scorpion (D:6)
  11 killer bees
  2 vampire bats (D:7)
  4 orc priests
  6 centaur zombies
  3 hounds
  A centaur skeleton (D:6)
  4 iguanas
  10 orc wizards
  Ijyb (D:3)
  Natasha (D:3)
  A killer bee zombie (D:6)
  2 howler monkey zombies
  8 gnolls
  11 adders
  A river rat (Sewer)
  2 shadow imps
  3 white imps (D:7)
  2 ufetubi
  An adder skeleton (D:4)
  4 worms
  39 orcs
  4 ball pythons
  12 bats
  9 endoplasms
  4 giant cockroaches
  8 goblins
  4 hobgoblins
  2 quokkas
  4 frilled lizards
  37 kobolds
  12 rats
272 creatures vanquished.

Vanquished Creatures (collateral kills)
  A centaur (D:10)
1 creature vanquished.

Vanquished Creatures (others)
  2 withered plants (D:4)
2 creatures vanquished.

Grand Total: 275 creatures vanquished

Notes
Turn   | Place    | Note
-------+----------+-------------------------------------------
     0 | D:1      | CryoSword the Troll Fighter began the quest for the Orb.
     0 | D:1      | Reached XP level 1. HP: 22/22 MP: 0/0
   228 | D:1      | Found a faded altar of an unknown god.
   255 | D:1      | Reached XP level 2. HP: 29/29 MP: 1/1
   929 | D:2      | Reached skill level 3 in Unarmed Combat
   929 | D:2      | Reached XP level 3. HP: 36/36 MP: 2/2
  1139 | D:2      | Noticed Sigmund
  1240 | D:2      | Reached XP level 4. HP: 23/45 MP: 3/3
  1296 | D:2      | Killed Sigmund
  1297 | D:2      | Reached skill level 4 in Unarmed Combat
  1297 | D:2      | Reached XP level 5. HP: 28/54 MP: 4/4
  1672 | D:2      | Identified the +2 pair of gloves "Okhunkir" {Int+2}
  1797 | D:3      | Noticed Ijyb
  1805 | D:3      | Killed Ijyb
  1968 | D:3      | Reached XP level 6. HP: 60/62 MP: 5/5
  2005 | D:3      | Noticed Pargi
  2012 | D:3      | Killed Pargi
  2290 | D:3      | Noticed Natasha
  2296 | D:3      | Killed Natasha
  2380 | D:4      | Found a runed translucent gate.
  2382 | D:4      | Found a runed translucent gate.
  2382 | D:4      | Found a runed translucent gate.
  2382 | D:4      | Noticed dangdung's ghost (amateur OpTm)
  2382 | D:4      | Noticed dangdung's ghost (amateur OpTm)
  2383 | D:4      | Noticed doomsgape's ghost (amateur GrEE)
  2384 | D:4      | Noticed Tali's ghost (amateur DsBe)
  2429 | D:4      | Reached skill level 5 in Unarmed Combat
  2716 | D:4      | Reached XP level 7. HP: 71/71 MP: 6/6
  2986 | D:5      | Entered Level 5 of the Dungeon
  3106 | D:5      | Reached skill level 5 in Fighting
  3123 | D:5      | Found a transporter.
  3129 | D:5      | Found a transporter.
  3134 | D:5      | Noticed dangdung's ghost (amateur OpTm)
  3165 | D:5      | Reached skill level 6 in Unarmed Combat
  3393 | D:5      | Reached XP level 8. HP: 72/80 MP: 7/7
  3684 | D:6      | Reached skill level 7 in Unarmed Combat
  3722 | D:6      | Found a bloodstained altar of Trog.
  3824 | D:6      | Found a glowing drain.
  3840 | Sewer    | Entered a sewer
  4233 | D:6      | Found a staircase to the Ecumenical Temple.
  4246 | Temple   | Entered the Ecumenical Temple
  4496 | Temple   | Became a worshipper of Kikubaaqudgha
  4687 | D:6      | Reached skill level 5 in Shields
  4694 | D:6      | Reached XP level 9. HP: 92/92 MP: 8/8
  4857 | D:7      | Reached skill level 8 in Unarmed Combat
  4930 | D:7      | Identified the +3 war axe of Tegoob {venom, rPois}
  4940 | D:7      | Identified the +2 hand crossbow of Yquad {penet, rElec
                  | rPois Will+}
  5109 | D:7      | Found a flagged portal.
  5120 | Bailey   | Entered a bailey
  5135 | Bailey   | Noticed an orc warlord
  5185 | Bailey   | Reached * piety under Kikubaaqudgha
  5185 | Bailey   | Received a gift from Kikubaaqudgha
  5219 | Bailey   | Found a runed translucent gate.
  5219 | Bailey   | Found a runed translucent gate.
  5219 | Bailey   | Found a runed translucent gate.
  5397 | Bailey   | Killed an orc warlord
  5398 | Bailey   | Reached skill level 9 in Unarmed Combat
  5427 | Bailey   | Reached XP level 10. HP: 104/104 MP: 9/9
  5430 | Bailey   | Learned a level 1 spell: Animate Skeleton
  5432 | Bailey   | Learned a level 1 spell: Pain
  5435 | Bailey   | Learned a level 2 spell: Sublimation of Blood
  5682 | D:7      | Found Doucul's Assorted Antiques.
  5690 | D:7      | Bought a scroll of fog for 64 gold pieces
  5690 | D:7      | Bought a ruby potion for 28 gold pieces
  5928 | D:8      | Reached ** piety under Kikubaaqudgha
  6163 | D:8      | Reached XP level 11. HP: 89/111 MP: 10/10
  6285 | D:8      | Found a white marble altar of Elyvilon.
  7157 | D:10     | Entered Level 10 of the Dungeon
  7157 | D:10     | Noticed Sonja
  7223 | D:10     | Found Culo's Antique Weapon Emporium.
  7226 | D:10     | Noticed Gastronok
  7263 | D:10     | Killed Gastronok
  7318 | D:10     | Noticed Grum
  7328 | D:10     | Killed Grum
  7404 | D:10     | Found Lugoef's Antique Armour Shoppe.
  7411 | D:10     | Noticed a two-headed ogre
  7476 | D:9      | Reached skill level 10 in Unarmed Combat
  7555 | D:10     | You fall into a shaft and drop 1 floor!
  7560 | D:11     | Reached *** piety under Kikubaaqudgha
  7560 | D:11     | Received a gift from Kikubaaqudgha
  7566 | D:11     | Learned a level 4 spell: Animate Dead
  7578 | D:11     | Reached skill level 1 in Spellcasting
  7833 | D:10     | Killed Sonja
  7883 | D:10     | Killed a two-headed ogre
  7921 | D:10     | Noticed a phantasmal warrior
  7931 | D:10     | Killed a phantasmal warrior
  8035 | D:10     | Noticed Urug
  8156 | D:10     | Found Osuhau's Armour Emporium.
  8222 | D:10     | Noticed a death knight
  8223 | D:10     | Noticed a skeletal warrior
  8344 | D:9      | Learned a level 4 spell: Dispel Undead
  8378 | D:10     | Killed a skeletal warrior
  8669 | D:10     | Reached skill level 5 in Dodging
  8681 | D:10     | Reached XP level 12. HP: 102/123 MP: 13/13
  8774 | D:10     | Found a staircase to the Lair.
  8923 | D:10     | Killed a death knight
  8972 | D:9      | Reached skill level 11 in Unarmed Combat
  9124 | D:10     | Found a portal to a secret trove of treasure.
  9164 | D:10     | HP: 6/123 [Urug/+0 demon trident of flaming (21)]
  9233 | D:10     | HP: 5/123 [Urug/+0 demon trident of flaming (29)]
  9234 | D:10     | Slain by Urug

Illustrated notes

Levels and vault maps discovered:
D:1:      kilobyte_arrival_exit_the_forest, layout_loops_cross,
          dreamdust_ecumenical_altar_statues
D:2:      layout_loops_ring, palyth_stone_intersect, minmay_increasing_density,
          uniq_sigmund
D:3:      layout_basic, hex_intersection, kennysheep_generic_room_6, uniq_ijyb,
          uniq_pargi, uniq_natasha
D:4:      layout_loops_ring, gammafunk_ghost_cemetery, minmay_tree_intersection
D:5:      layout_gridville, gammafunk_ghost_arena
D:6:      layout_basic, mainiacjoe_overflow_24_doors,
          minmay_temple_entry_statues_pillars, cheibrodos_sewer_entry_bend
D:7:      layout_loops_cross, serial_shops,
          nicolae_shop_competitors_out_of_business, enter_bailey_2,
          roderic_batcave
D:8:      layout_loops_cross, elyvilon_altar_5, serial_glass, glass_columns_a,
          glass_columns_a, dk_noncrumbling_2
D:9:      layout_loops_ring, serial_glass, glass_columns_a, glass_columns_b,
          minmay_strange_pillars, due_unseen_surprise
D:10:     layout_rooms, erik_lair_dragon, serial_shops,
          nicolae_shop_hallway_stairs, nicolae_diamond_shop,
          nicolae_take_the_stairs, serial_glass, glass_columns_b,
          glass_columns_a, glass_columns_b, minmay_strange_pillars,
          enter_trove_6, minmay_fractal_squares_gapless_5, uniq_urug,
          uniq_gastronok, uniq_sonja, uniq_grum
D:11:     layout_cave_pools, serial_column_ruins, column_ruins_hut_pillars,
          column_ruins_hut_ruined, column_ruins_open_medium,
          column_ruins_corridor_T, column_ruins_corridor_straight,
          column_ruins_open_small, column_ruins_open_tiny, column_ruins_grid_1,
          laboratory
Temple:   mainiacjoe_temple_cubbyholes

Skill      XL: |  1  2  3  4  5  6  7  8  9 10 11 12 |
---------------+-------------------------------------+-----
Unarmed Combat | 3 4 5 6 7 9 10 11 | 11.0
Fighting       | 3 4 5 6 7 8 9 |  9.3
Shields        | 3 4 5 |  5.0
Dodging        | 3 5 |  5.0
Necromancy     | 8 9 |  9.2
Spellcasting   | 1 2 |  2.0

Action                   |  1- 3 |  4- 6 |  7- 9 | 10-12 || total
-------------------------+-------+-------+-------+-------++-------
Melee: Unarmed           |    90 |   126 |   274 |   391 ||   881
Throw: Dart              |       |       |       |     5 ||     5
 Cast: Dispel Undead     |       |       |       |     4 ||     4
       Animate Dead      |       |       |       |     4 ||     4
Invok: Receive Corpses   |       |       |       |     6 ||     6
Evoke: Wand              |       |     3 |     4 |     1 ||     8
  Use: Scroll            |       |       |     7 |       ||     7
       Potion            |       |       |     2 |     4 ||     6
 Stab: Sleeping          |     2 |     2 |     1 |       ||     5
Armor: Robe              |    24 |    15 |       |       ||    39
       Troll leather arm |       |    28 |    70 |    92 ||   190
       Skin              |       |       |       |    12 ||    12
Dodge: Dodged            |    27 |    26 |    84 |   240 ||   377
       Repelled          |       |       |       |     3 ||     3
Block: Kite shield       |    20 |     9 |       |   177 ||   206
       Tower shield      |       |    60 |   181 |       ||   241
